Map: [ESL] Dynasty

Players

Lemon

  • Race: Protoss Protoss
  • Spawn Location: 1:00

Oliveira - Winner!

  • Race: Terran Terran
  • Spawn Location: 7:00

Event: ESL SC2 Masters 2024 Spring (Regional)

VOD

Have the link to the VOD?

Description

Time

  • Played on: April 26, 2024, 6:05 a.m.
  • Length: 7:46

All games in this series

Show
View Real Time Build Order
Export as new Build Order

Lemon Protoss 

Build Orders: 1 Gate Expand, Oracle Opening 

Get SALT Encoding   

  12  0:00  Probe  
  13  0:12  Probe  
  14  0:17  Pylon  
  14  0:24  Probe  
  15  0:36  Probe, Gateway  
  16  0:48  Probe  
  17  1:07  Nexus  
  17  1:11  Probe  
  18  1:15  Assimilator  
  18  1:25  Cybernetics Core  
  18  1:28  Probe (Chrono Boost)  
  19  1:38  Probe (Chrono Boost)  
  19  1:39  Pylon  
  20  1:43  Probe (Chrono Boost)  
  21  1:52  Unknown  
  21  1:55  Probe  
  21  1:58  Stalker (Chrono Boost)  
  22  2:07  Probe  
  25  2:08  Shield Battery  
  25  2:15  Warp Gate  
  25  2:22  Probe x2  
  27  2:34  Shield Battery  
  27  2:36  Probe  
  28  2:39  Probe  
  28  2:40  Adept (Chrono Boost)  
  31  2:48  Probe  
  31  2:51  Probe  
  33  2:58  Stargate  
  33  3:00  Probe  
  33  3:03  Probe  
  33  3:05  Twilight Council  
  36  3:12  Probe  
  36  3:15  Probe  
  36  3:19  Gateway  
  37  3:20  Gateway  
  37  3:31  Probe x2, Gateway  
  39  3:39  Oracle (Chrono Boost)  
  37  3:43  Probe  
  39  3:49  Probe  
  39  3:55  Probe  
  39  4:01  Blink (Chrono Boost)  
  35  4:04  Probe  
  35  4:07  Probe  
  37  4:14  Stalker  
  37  4:15  Stalker x2  
  37  4:17  Probe  
  44  4:19  Probe  
  44  4:22  Pylon  
  45  4:29  Probe  
  46  4:40  Probe  
  46  4:41  Stalker, Probe  
  46  4:42  Stalker x2  
  54  4:57  Nexus  
  54  5:02  Pylon  
  54  5:14  Probe  
  54  5:15  Probe  
  54  5:20  Phoenix (Chrono Boost)  
  56  5:26  Probe  
  56  5:28  Probe  
  56  5:30  Stalker x2  
  58  5:36  Phoenix (Chrono Boost), Shield Battery  
  58  5:38  Probe  
  58  5:40  Probe  
  60  5:50  Charge (Chrono Boost), Probe  
  60  5:52  Probe  
  60  5:57  Forge  
  59  6:04  Probe (Chrono Boost)  
  56  6:06  Probe (Chrono Boost)  
  57  6:11  Probe (Chrono Boost)  
  59  6:20  Probe (Chrono Boost)  
  59  6:21  Probe x2 (Chrono Boost)  
  60  6:26  Probe (Chrono Boost)  
  60  6:27  Probe  
  60  6:28  Probe  
  63  6:33  Robotics Facility  
  63  6:37  Stalker, Probe  
  63  6:39  Probe  
  67  6:40  Probe  
  68  6:49  Probe  
  68  6:51  Stalker x2, Probe  
  68  6:52  Probe  
  71  7:06  Stalker x2  
  73  7:18  Stalker x2  
  77  7:26  Gateway  
  77  7:27  Gateway  
  77  7:29  Zealot  
  64  7:38  Zealot  
Show
View Real Time Build Order
Export as new Build Order

Oliveira Terran - Winner!

Build Orders: Gas First Reaper Expand, Banshee Rush 

Get SALT Encoding   

  12  0:00  SCV  
  13  0:12  SCV  
  14  0:16  Supply Depot  
  14  0:24  SCV  
  14  0:28  Refinery  
  15  0:38  SCV  
  16  0:44  Barracks  
  16  0:50  SCV  
  17  1:02  SCV  
  18  1:14  SCV  
  19  1:31  Reaper  
  19  1:32  Orbital Command  
  20  1:41  Command Center  
  20  1:52  Factory  
  20  1:59  SCV  
  21  2:04  Bunker  
  21  2:08  Barracks Reactor  
  21  2:11  SCV  
  22  2:16  Supply Depot  
  22  2:24  SCV  
  23  2:36  SCV  
  23  2:39  Refinery  
  23  2:46  Starport  
  23  2:47  Hellion x2  
  23  2:48  SCV  
  28  2:53  Orbital Command  
  28  2:56  Barracks Tech Lab  
  28  3:00  SCV  
  29  3:09  Hellion  
  29  3:10  Hellion  
  33  3:13  SCV  
  34  3:24  SCV  
  34  3:25  SCV  
  36  3:32  Cloaking Field  
  36  3:36  Banshee  
  36  3:39  SCV  
  36  3:40  SCV  
  40  3:51  SCV, Factory Tech Lab  
  40  3:52  SCV  
  40  3:54  Marine x2  
  40  4:03  SCV  
  40  4:04  SCV  
  38  4:10  Supply Depot, Bunker  
  38  4:13  Barracks x2, Marine  
  38  4:14  Marine  
  38  4:15  SCV  
  43  4:17  SCV  
  44  4:27  SCV, Banshee  
  44  4:29  SCV, Siege Tank  
  50  4:31  Marine x2  
  49  4:39  SCV  
  49  4:41  SCV  
  50  4:49  Refinery, Engineering Bay, Marine  
  50  4:52  SCV  
  52  4:53  Barracks  
  52  4:54  Barracks, Marine  
  52  4:55  SCV  
  54  5:04  SCV  
  55  5:07  SCV  
  55  5:09  Stimpack, Marine  
  55  5:12  Marine  
  58  5:16  SCV, Factory Reactor  
  58  5:19  Barracks Tech Lab, Marine  
  58  5:20  SCV  
  61  5:27  Marine  
  62  5:32  Supply Depot  
  62  5:33  Terran Infantry Weapons Level 1  
  62  5:35  Starport Reactor, Missile Turret, Marine  
  63  5:37  Siege Tank  
  63  5:40  Marine  
  67  5:45  Marine x3  
  67  5:46  Combat Shield  
  70  5:52  Marine x2  
  69  5:58  Marine  
  69  6:03  Marine x3  
  73  6:07  Supply Depot  
  73  6:08  Supply Depot  
  73  6:10  Marine, Marauder  
  73  6:11  Siege Tank  
  73  6:15  Medivac  
  78  6:21  Supply Depot, Marine x2  
  78  6:24  Marine x2  
  78  6:25  Medivac  
  84  6:37  Marine  
  84  6:38  Marine  
  84  6:39  Marine  
  87  6:41  Marauder  
  87  6:42  Marine  
  87  6:43  Marauder  
  87  6:45  Supply Depot  
  92  6:49  Concussive Shells  
  92  6:55  Marine  
  92  6:57  Siege Tank  
  91  7:02  Marauder  
  91  7:04  Marine  
  91  7:05  Marauder, Marine  
  96  7:09  Marine  
  96  7:12  Marine  
  96  7:22  Marine x2  
  97  7:24  Supply Depot, Marauder  
  97  7:26  Marine  
  97  7:27  Marine  
Tags
 
Add a new tag
Caveats
  • Supply blocks, unpowered buildings, or Contaminate may cause inaccurate times.
  • Supply counts are checked every 10 seconds.